 Dungeon Crawl Stone Soup version 0.26.1-11-gd32895ea62 (webtiles) character file.

Game seed: 6211925183721815352

454 Almogavar the Slasher (level 7, -16/56 HPs)
             Began as a Barachi Berserker on May 11, 2021.
             Was a Priest of Trog.
             Demolished by an ogre
             ... wielding a +0 giant club
              (23 damage)
             ... on level 4 of the Dungeon.
             The game lasted 00:07:51 (4003 turns).

Almogavar the Slasher (Barachi Berserker)           Turns: 4003, Time: 00:07:52

Health: -16/56     AC: 11    Str: 20    XL:     7   Next: 5%
Magic:  7/7        EV: 12    Int:  7    God:    Trog [***...]
Gold:   251        SH:  0    Dex: 12    Spells: 6/6 levels left

rFire    x . .     SeeInvis +   a - +1 falchion
rCold    + . .     Faith    .   (no shield)
rNeg     . . .     Spirit   .   l - +0 ring mail
rPois    .         Reflect  .   (no helmet)
rElec    .         Harm     .   k - +0 cloak
rCorr    .         Rampage  .   r - +0 pair of gloves
Will     .....                  s - +2 pair of boots
Stlth    +.........             (no amulet)
HPRegen  0.18/turn              b - ring of ice
MPRegen  0.10/turn              j - ring of see invisible

@: berserk cooldown, slowed, very slow
A: +LOS, swims, slowness 1, strong legs 1
a: Hop, Renounce Religion, Berserk, Trog's Hand


You were on level 4 of the Dungeon.
You worshipped Trog.
Trog was most pleased with you.
You visited 1 branch of the dungeon, and saw 4 of its levels.

You collected 251 gold pieces.

Inventory:

Hand Weapons
 a - a +1 falchion (weapon)
Armour
 k - a +0 cloak (worn)
 l - a +0 ring mail (worn)
 r - a +0 pair of gloves (worn)
 s - a +2 pair of boots (worn)
Jewellery
 b - a ring of ice (left hand)
 i - an uncursed ring of ice
 j - a ring of see invisible (right hand)
Scrolls
 c - a scroll of enchant weapon
 d - 2 scrolls of magic mapping
 f - 2 scrolls of identify {unknown}
 m - 2 scrolls of teleportation {unknown}
 o - a scroll of random uselessness {unknown}
 p - a scroll of fear {unknown}
 t - 2 scrolls of amnesia
Potions
 e - a potion of brilliance {unknown}
 g - a potion of haste {unknown}
 h - 3 potions of lignification {unknown}
 n - a potion of heal wounds
 q - a potion of mutation {unknown}


   Skills:
 + Level 5.2 Fighting
 + Level 7.0 Long Blades
 + Level 4.1 Armour
 + Level 3.5 Dodging


You had 6 spell levels left.
You didn't know any spells.
Your spell library was empty.

Dungeon Overview and Level Annotations

Branches:
Dungeon (4/15)
 Temple: D:4-7

Altars:
Hepliaklqana
Nemelex Xobeh
Yredelemnul

Annotations:
D:4 Natasha


Innate Abilities, Weirdness & Mutations

You can be seen from farther away. (+LOS)
You can swim through water.
You cover ground slowly.
You can hop short distances.


Message History

You kill Edmund!
Trog accepts your kill.
Your Long Blades skill increases to level 7!
Your Armour skill increases to level 4!
You have reached level 7!
You feel a strong urge to attack something.
You feel your anger nearly subside.
You are no longer berserk.
You are exhausted.
You feel yourself slow down.
Natasha, Servant of Life and Death comes into view.
The ogre hits you with a +0 giant club.
The ogre hits you with a +0 giant club!!
The ogre hits you with a +0 giant club!!
* * * LOW HITPOINT WARNING * * *
As you read the scroll labelled ADINTYEQAE, it crumbles to dust.
It is a scroll of amnesia.
You feel forgetful for a moment. The ogre misses you.
You riposte.
You closely miss the ogre.
The ogre hits you with a +0 giant club!!
You die...

#...........#.##.........#
#.?.........#.##.........#
.........................#
#...........#.##....)."..#
............# #####'######
#...........# #.#
#...........# #.#
#...........#+#####.#
###########....O@...#
#.........# #.........#
#........#########
#................#
#.......†........#
#................#
#................#
#................#


You could see an ogre.

Vanquished Creatures
  Edmund (D:4)
  A phantom (D:3)
  An orc wizard (D:4)
  Jessica (D:2)
  Natasha (D:4)
  A worker ant (D:4)
  4 gnolls
  An adder (D:3)
  3 worms
  3 dart slugs
  4 leopard geckos
  3 orcs
  4 goblins
  7 hobgoblins
  18 jackals
  9 kobolds
  A quokka (D:3)
  9 bats
  5 frilled lizards
  A goblin zombie (D:3)
  A kobold skeleton (D:3)
  4 rats
83 creatures vanquished.

Vanquished Creatures (others)
  An adder (D:3)
  A giant cockroach (D:3)
2 creatures vanquished.

Grand Total: 85 creatures vanquished

Notes
Turn   | Place    | Note
-------+----------+-------------------------------------------
     0 | D:1      | Almogavar the Barachi Berserker began the quest for the
                  | Orb.
     0 | D:1      | Reached XP level 1. HP: 18/18 MP: 1/1
    33 | D:1      | Reached XP level 2. HP: 14/25 MP: 2/2
   181 | D:1      | Reached skill level 4 in Long Blades
   488 | D:1      | Reached XP level 3. HP: 25/30 MP: 3/3
   776 | D:1      | Reached ** piety under Trog
  1051 | D:1      | Reached XP level 4. HP: 37/37 MP: 4/4
  1555 | D:2      | Reached skill level 5 in Long Blades
  2067 | D:2      | Found a sparkling altar of Nemelex Xobeh.
  2067 | D:2      | Noticed Jessica
  2070 | D:2      | Killed Jessica
  2451 | D:3      | Found a runed translucent door.
  2451 | D:3      | Noticed a human
  2455 | D:3      | Found a basalt altar of Yredelemnul.
  2647 | D:3      | Noticed a phantom
  2719 | D:3      | Killed a phantom
  2720 | D:3      | Reached skill level 6 in Long Blades
  2720 | D:3      | Reached XP level 5. HP: 14/43 MP: 5/5
  2929 | D:3      | Found a hazy altar of Hepliaklqana.
  3225 | D:3      | Reached XP level 6. HP: 47/49 MP: 6/6
  3864 | D:4      | Reached *** piety under Trog
  3866 | D:4      | Noticed Natasha
  3881 | D:4      | Killed Natasha
  3882 | D:4      | Reached skill level 5 in Fighting
  3977 | D:4      | Noticed Edmund
  3987 | D:4      | Killed Edmund
  3988 | D:4      | Reached skill level 7 in Long Blades
  3988 | D:4      | Reached XP level 7. HP: 56/56 MP: 7/7
  3992 | D:4      | Noticed Natasha
  4003 | D:4      | Demolished by an ogre

Illustrated notes

Levels and vault maps discovered:
D:1:      dpeg_arrival_arbitrary_b, layout_basic, corexii_leaking_fountain,
          chequers_serial_rivers_marsh
D:2:      layout_loops_ring, nemelex_lonely_heart_becter
D:3:      layout_basic, lemuel_crystal_altar, dk_yredelemnul_ordeal
D:4:      layout_basic, gammafunk_ghost_necromancy, uniq_natasha, uniq_edmund,
          uniq_eustachio, uniq_pikel

Skill      XL: |  1  2  3  4  5  6 |
---------------+-------------------+-----
Long Blades    | 4 6 7 |  7.0
Fighting       | 4 5 |  5.2
Armour         | 3 4 |  4.1
Dodging        | 3 |  3.5

Action                   |  1- 3 |  4- 6 |  7- 9 || total
-------------------------+-------+-------+-------++-------
Melee: Falchion          |   114 |   192 |       ||   306
Invok: Berserk           |     2 |     4 |       ||     6
       Trog's Hand       |       |     1 |       ||     1
  Use: Scroll            |       |     4 |     1 ||     5
Armor: Animal skin       |    25 |     7 |       ||    32
       Ring mail         |       |    49 |       ||    49
Dodge: Dodged            |   107 |   120 |     1 ||   228
       Rpst.: Falchion   |    28 |    34 |     1 ||    63
